AoeStats
← Andraste

Lombardia

507996511Analyzed
3v3 RM · 13d ago on Sep 20, 2026· 51m 27s· 6 players
Game mode
Random Map
Map size
Normal (6 player)
Population
200
Speed
Normal
Resources
Standard
Victory
Conquest
Starting age
Dark Age
Ending age
Imperial Age
RankedLock teamsTeams togetherTeam positionsShared explorationLock speedFull tech treeHidden civsTurbo modeCheats
Victory
Defeat
🇬🇧 Goths · United Kingdom
1456
+14
🇫🇷 Muisca · France
1359
+18
🇨🇳 Cumans · China
1231
+22
🇺🇸 Saracens · United States
1413
-19
🇺🇸 Byzantines · United States
1403
-18
🇺🇸 Slavs · United States
1375
-17
Zozénia
10:47 Feudal Age
15:09 Castle Age
13:28 Horse Collar
13:56 Loom
14:09 Double-Bit Axe
16:16 Bow Saw
23:33 Fletching
24:12 Padded Archer Armor
25:29 Bodkin Arrow
27:55 Ballistics
28:50 Herbalism
30:06 Leather Archer Armor
30:56 Wheelbarrow
30:27 Town Watch
34:11 Imperial Age
32:49 Hand Cart
35:13 Bracer
34:37 Capped Ram
37:21 Chemistry
36:44 Conscription
36:41 Elite Guecha Warrior
40:50 Forging
42:27 Two-Man Saw
41:17 Gold Mining
41:18 Stone Mining
41:30 Heavy Plow
46:04 Herbalism
darkwwww2015
5:24 Loom
10:16 Feudal Age
10:50 Double-Bit Axe
10:46 Horse Collar
14:23 Castle Age
12:24 Double-Bit Axe
12:43 Horse Collar
15:17 Pikeman
16:31 Bow Saw
21:28 Heavy Plow
22:16 Squires
23:23 Stone Mining
24:19 Scale Mail Armor
26:10 Wheelbarrow
26:38 Town Watch
26:56 Fletching
27:28 Forging
30:17 Chain Mail Armor
33:21 Imperial Age
31:15 Gold Mining
32:38 Masonry
33:21 Iron Casting
33:21 Hand Cart
33:10 Bodkin Arrow
33:43 Anarchy
35:01 Two-Man Saw
35:19 Crop Rotation
35:37 Elite Huskarl
36:38 Conscription
36:22 Halberdier
38:39 Blast Furnace
37:39 Bracer
39:25 Perfusion
42:03 Padded Archer Armor
47:41 Ballistics
47:52 Architecture
48:22 Chemistry
ybsngs
11:48 Feudal Age
10:45 Loom
15:39 Castle Age
14:01 Double-Bit Axe
16:20 Bloodlines
15:48 Light Cavalry
25:19 Wheelbarrow
25:55 Forging
28:12 Scale Barding Armor
29:27 Iron Casting
33:23 Imperial Age
31:06 Gold Mining
32:00 Chain Barding Armor
31:49 Town Watch
33:13 Bow Saw
32:44 Horse Collar
33:25 Cavalier
35:12 Blast Furnace
36:10 Plate Barding Armor
36:42 Paladin
38:27 Heavy Plow
39:03 Gold Shaft Mining
38:21 Stone Mining
41:46 Conscription
42:56 Hand Cart
43:05 Fletching
43:28 Hussar
46:14 Bodkin Arrow
47:42 Capped Ram
49:01 Steppe Husbandry
49:10 Siege Ram
Andraste
6:51 Loom
9:38 Feudal Age
10:21 Double-Bit Axe
13:38 Fletching
13:43 Horse Collar
21:06 Castle Age
20:46 Padded Archer Armor
21:17 Crossbowman
22:01 Bodkin Arrow
22:55 Bow Saw
24:16 Ballistics
25:31 Wheelbarrow
30:30 Hand Cart
30:25 Gold Mining
31:19 Leather Archer Armor
36:20 Imperial Age
33:37 Town Watch
34:30 Thumb Ring
36:48 Arbalester
37:32 Bracer
38:45 Chemistry
39:59 Masonry
41:29 Siege Engineers
43:57 Conscription
44:17 Coinage
44:53 Ring Archer Armor
47:20 Scale Barding Armor
47:26 Forging
47:05 Light Cavalry
48:06 Hussar
49:00 Bloodlines
51:01 Caravan
The High Ground
7:27 Loom
10:23 Feudal Age
14:41 Double-Bit Axe
20:52 Castle Age
20:00 Scale Barding Armor
20:05 Forging
19:43 Horse Collar
20:21 Bloodlines
27:34 Husbandry
30:14 Chain Barding Armor
30:22 Bow Saw
30:36 Detinets
31:50 Heavy Plow
34:12 Iron Casting
39:55 Imperial Age
38:03 Wheelbarrow
39:59 Gold Mining
41:08 Fletching
41:21 Padded Archer Armor
42:23 Blast Furnace
41:59 Plate Barding Armor
41:15 Elite Boyar
44:45 Conscription
Dromophobia
10:44 Feudal Age
13:24 Double-Bit Axe
16:26 Castle Age
15:09 Forging
15:08 Scale Barding Armor
15:55 Loom
17:19 Bow Saw
18:42 Loom
19:34 Forging
20:57 Horse Collar
25:38 Chain Barding Armor
25:22 Heavy Plow
27:35 Wheelbarrow
31:37 Imperial Age
29:20 Stone Mining
29:49 Hand Cart
30:33 Iron Casting
30:31 Gold Mining
31:19 Stone Shaft Mining
32:17 Gold Shaft Mining
31:31 Treadmill Crane
33:02 Plate Barding Armor
32:31 Husbandry
32:21 Heavy Camel Rider
36:22 Chemistry
35:42 Ballistics
35:17 Fletching
36:05 Conscription
36:18 Bodkin Arrow
37:33 Bracer
38:37 Hoardings
38:12 Elite Cataphract
41:46 Two-Man Saw
41:37 Crop Rotation
41:54 Logistica
45:04 Guilds
Connection lost

Rejoining the realm…

Still unreachable

The connection could not be restored.

Session expired

The server has moved on; the page needs a fresh start.